[Event "Early-Titled-Tuesday-Blitz-November-28-2023"]
[Site "Chess.com"]
[Date "2023.11.28"]
[Round "6"]
[White "JimDiGrease"]
[Black "CristianS27"]
[Result "1/2-1/2"]
[WhiteElo "2947"]
[BlackElo "2587"]
[TimeControl "180+1"]
[EndTime "9:13:35 PST"]
[Termination "Game drawn by repetition"]

1. d4 Nf6 2. c4 g6 3. h4 c5 4.
d5 d6 5. Nc3 e6 6. e4 exd5 7. exd5 Bg7 8. Be2 O-O 9. h5 Re8 10. h6 Bh8 11. Bg5 a6 12. a4 Nbd7 13. Nf3 Ne5 14. O-O Nxf3+ 15. Bxf3 Bf5 16. Qd2 Qd7 17.
a5 Ne4 18. Bxe4 Bxe4 19. f3 Bd4+ 20. Kh1 Bf5 21. Na4 f6 22. Nb6 Qf7 23. Bf4 Rad8 24. Rae1 g5 25. Bh2 Qg6 26. Rxe8+ Rxe8 27. Re1 Bxb2 28.
Rxe8+ Qxe8 29. g4 Bxg4 30. fxg4 Qe4+ 31. Qg2 Qe1+ 32. Bg1 Qh4+ 33. Qh2 Qxg4 34. Qxb2 Qh3+ 35. Qh2 Qf3+ 36. Qg2 Qh5+ 37. Bh2 Qd1+ 38. Qg1 Qf3+ 39.
Qg2 Qd1+ 40. Bg1 Qh5+ 41. Qh2 Qf3+ 42. Qg2 Qh5+ 1/2-1/2

[Event "Early-Titled-Tuesday-Blitz-November-28-2023"]
[Site "Chess.com"]
[Date "2023.11.28"]
[Round "6"]
[White "AccioChess"]
[Black "elmusmolamas"]
[Result "1/2-1/2"]
[WhiteElo "2480"]
[BlackElo "2595"]
[TimeControl "180+1"]
[EndTime "9:13:36 PST"]
[Termination "Game drawn by repetition"]

1. d4 c5 2. dxc5 e5 3. e4 Nf6 4. Nc3 Bxc5 5. Bd3 O-O 6. Nf3 Nc6 7. O-O d6 8. h3 Be6 9. Bg5 h6 10. Bh4 Rc8 11. Na4 Bb4 12. a3 Ba5 13. b4 Bc7 14. c4 g5 15. Nxg5 hxg5 16. Bxg5 Nd4 17. f4 Bd7 18. fxe5 Bxa4 19. Qxa4 Qe8 20. Qd1 Nh7 21. Bf6 Qe6 22. Qe1 Nxf6 23. exf6 Qe5 24. Qh4 Ne6 25. Rad1 d5 26. exd5 Qh2+ 27. Kf2 Bb6+ 28. c5 Rxc5 29. bxc5 Bxc5+ 30. Ke1 Qe5+ 31. Qe4 Qc3+ 32.
Rd2 Ng5 33. Qf5 Re8+ 34. Kd1 Qa1+ 35. Kc2 Qa2+ 36. Kd1 Qa1+ 37. Kc2 Qa2+ 38. Kd1 Qa1+ 1/2-1/2

[Event "Early-Titled-Tuesday-Blitz-November-28-2023"]
[Site "Chess.com"]
[Date "2023.11.28"]
[Round "6"]
[White "Kotlyar_K"]
[Black "OneTrickPony_82"]
[Result "1-0"]
[WhiteElo "2661"]
[BlackElo "2399"]
[TimeControl "180+1"]
[EndTime "9:13:36 PST"]
[Termination "Kotlyar_K won on time"]

1. e4 e5 2. Nf3 Nc6 3. Bb5 a6 4. Ba4 Nf6 5. O-O Be7 6. Re1 b5 7. Bb3 O-O 8. c3 d5 9. exd5 Nxd5 10. d4 exd4 11. Nxd4 Nxd4 12. Qxd4 c6 13. Nd2 Bf6 14.
Qc5 Re8 15. Ne4 Bf5 16. Nxf6+ Qxf6 17. Be3 Nxe3 18. Rxe3 Rxe3 19. Qxe3 Rd8 20. Re1 h6 21.
h3 g5 22. Qa7 c5 23. Qxc5 Kg7 24. Qc7 Rd7 25. Qc5 Rd8 26. Qe3 Bg6 27. a4 h5 28.
axb5 axb5 29. Qe2 Qc6 30. Qe5+ Kh6 31. Qe7 Qd6 32. Qe3 f6 33. Qe2 Qd2 34. h4 gxh4 35.
Be6 Qxe2 36. Rxe2 Re8 37. Kf1 Bd3 38. Ke1 1-0

[Event "Early-Titled-Tuesday-Blitz-November-28-2023"]
[Site "Chess.com"]
[Date "2023.11.28"]
[Round "6"]
[White "GAusal"]
[Black "masenik"]
[Result "0-1"]
[WhiteElo "2293"]
[BlackElo "2490"]
[TimeControl "180+1"]
[EndTime "9:13:36 PST"]
[Termination "masenik won on time"]

1. e4 c5 2. Bc4 e6 3. Nf3 a6 4. d4 b5 5. Bd3 cxd4 6. a4 b4 7.
Nxd4 Bb7 8. O-O Qc7 9. Nd2 Nc6 10. Nxc6 dxc6 11. Nc4 Bc5 12. Qg4 Kf8 13. Kh1 Nf6 14.
Qg5 Be7 15. Bf4 Qd8 16. Be5 h6 17. Qe3 Ng4 18. Qf4 Nxe5 19. Nxe5 Bf6 20. Rad1 Qe7 21. Nc4 Bg5 22. Qg3 Bh4 23. Qe3 Rd8 24. f4 Qc7 25. e5 g6 26. Be4 Be7 27. Rxd8+ Qxd8 28. Nd6 Qc7 29. Qa7 Bxd6 30. exd6 Qxd6 31. Qxb7 c5 32. Qc6 Qd4 33. Bf3 Kg7 34. Qxa6 Qxb2 35. Qc4 Rc8 36.
Qb3 Qd4 37. Rd1 Qxf4 38. h3 Qe5 39. Rd3 c4 40. Re3 cxb3 41. Rxe5 bxc2 42. Re1 c1=Q 0-1

[Event "Early-Titled-Tuesday-Blitz-November-28-2023"]
[Site "Chess.com"]
[Date "2023.11.28"]
[Round "6"]
[White "tandercat"]
[Black "kunaevchess"]
[Result "1-0"]
[WhiteElo "2085"]
[BlackElo "2253"]
[TimeControl "180+1"]
[EndTime "9:13:40 PST"]
[Termination "tandercat won by checkmate"]

1. d4 Nf6 2. c4 g6 3. Nc3 Bg7 4. e4 d6 5. f4 O-O 6. Nf3 Nc6 7. d5 Nb8 8. Bd3 Nbd7 9. O-O a5 10.
e5 Ne8 11. Qe2 Nc5 12. Bc2 c6 13. Be3 Na6 14. Rad1 Qc7 15. Bd4 Nb4 16. Bb1 cxd5 17.
a3 Na6 18. Nxd5 Qd8 19. Bb6 Qd7 20. Bxa5 Nec7 21. Nb6 Qc6 22. Nxa8 Nxa8 23. Bc3 N8c7 24. Kh1 b5 25. Be4 Qb6 26. cxb5 Nxb5 27. Be1 Be6 28.
Bf2 Qa5 29. b4 Nc3 30. Qc2 Qc7 31. Rc1 Rc8 32. Qd2 Nxe4 33. Rxc7 Nxd2 34. Rxc8+ Bxc8 35. Nxd2 dxe5 36. fxe5 Bxe5 37. b5 Nc7 38. Nc4 Bc3 39.
a4 Nd5 40. Rc1 Bd7 41. h3 Kf8 42. b6 Bc6 43. a5 Bb7 44. Bc5 Ke8 45. Na3 Kd7 46. Nb5 Ba6 47. Nxc3 Nxc3 48. Rxc3 Kc6 49. Bf2+ Kb5 50. Ra3 Kb4 51. Ra1 Kb5 52. Rb1+ Kxa5 53.
b7 Bxb7 54. Rxb7 Ka6 55. Rxe7 Ka5 56. Rxf7 Ka4 57. Rxh7 Ka3 58. Rg7 Ka4 59. Rxg6 Ka3 60. Rf6 Ka4 61. h4 Ka5 62. h5 Ka4 63. h6 Ka3 64. h7 Ka2 65. h8=Q Ka3 66. Qb8 Ka4 67. Ra6# 1-0

[Event "Early-Titled-Tuesday-Blitz-November-28-2023"]
[Site "Chess.com"]
[Date "2023.11.28"]
[Round "6"]
[White "Firouzja2003"]
[Black "Witik"]
[Result "1-0"]
[WhiteElo "3047"]
[BlackElo "2799"]
[TimeControl "180+1"]
[EndTime "9:13:41 PST"]
[Termination "Firouzja2003 won on time"]

1. b4 d5 2. Bb2 Bg4 3. Nf3 Bxf3 4. exf3 Nd7 5. f4 Ngf6 6. g3 g6 7. Bg2 c6 8. O-O Bg7 9. d3 O-O 10. Nd2 Ne8 11. Bxg7 Nxg7 12. Nf3 a5 13. a3 Nf5 14.
Qd2 Qb6 15. c3 e6 16. Rfb1 axb4 17. axb4 Rxa1 18. Rxa1 c5 19. bxc5 Nxc5 20. Bf1 Rc8 21. g4 Nd6 22. Nd4 Qd8 23. h3 Ra8 24. Rb1 Qf6 25.
Qe3 Ra3 26. Nb5 Nxb5 27. Qxc5 Nxc3 28. Rxb7 Ra8 29. g5 Na4 30. Qc7 Qg7 31. d4 h6 32.
gxh6 Qf6 33. Qe5 Qxe5 34. fxe5 Nc3 35. Bd3 Rf8 36. h4 Kh7 37. h5 Kxh6 38. hxg6 fxg6 39. Re7 Rf4 40. Rxe6 Rxd4 41. Rxg6+ Kh5 42. Rg3 Ne4 43. e6 Nxg3 44. e7 Ne2+ 45. Bxe2+ 1-0

[Event "Early-Titled-Tuesday-Blitz-November-28-2023"]
[Site "Chess.com"]
[Date "2023.11.28"]
[Round "6"]
[White "KaydenTroffChess"]
[Black "jcmesafischer"]
[Result "1-0"]
[WhiteElo "2785"]
[BlackElo "2346"]
[TimeControl "180+1"]
[EndTime "9:13:41 PST"]
[Termination "KaydenTroffChess won by checkmate"]

1. d4 Nf6 2. Nf3 d5 3. Bf4 e6 4.
e3 Nbd7 5. Nbd2 c5 6. c3 Qb6 7. Rb1 Bd6 8. Ne5 Qc7 9. Ndf3 Ne4 10. Bd3 f6 11. Nxd7 Bxd7 12. Bg3 O-O 13. Bxe4 dxe4 14. Bxd6 Qxd6 15. dxc5 Qc7 16. Nd2 f5 17. Nb3 Bb5 18. Nd4 Bd7 19. b4 Rad8 20. Qb3 Qc8 21. O-O Kh8 22.
a4 e5 23. Nb5 Be6 24. Nxa7 Qd7 25. Qb2 Qxa4 26. Ra1 Qd7 27. b5 Qe7 28. c6 f4 29.
cxb7 Qxb7 30. Nc6 Rde8 31. Nxe5 Bf5 32. c4 f3 33. g3 Qe7 34. Nc6 Qf7 35. Ra7 Qg6 36.
Rd1 Rf7 37. Rxf7 Qxf7 38. h4 Qh5 39. Qd4 Qg4 40. Qd8 Rg8 41. Ne7 Be6 42. Nxg8 Bxg8 43. Qd7 Be6 44. Qe8+ Bg8 45. Rd8 Qh3 46. Qxg8# 1-0

[Event "Early-Titled-Tuesday-Blitz-November-28-2023"]
[Site "Chess.com"]
[Date "2023.11.28"]
[Round "6"]
[White "Elsa167"]
[Black "TRadjabov"]
[Result "0-1"]
[WhiteElo "2905"]
[BlackElo "3029"]
[TimeControl "180+1"]
[EndTime "9:13:42 PST"]
[Termination "TRadjabov won on time"]

1. d4 Nf6 2. c4 e6 3. Nf3 d5 4. Nc3 Be7 5. g3 O-O 6. Bg2 dxc4 7. Ne5 Nc6 8. Bxc6 bxc6 9. Nxc6 Qe8 10. Nxe7+ Qxe7 11. Qa4 Nd5 12. Qxc4 a5 13. Bd2 Ba6 14. Qc5 Qd7 15. Rc1 Rfb8 16. b3 h6 17.
f3 a4 18. Nxa4 Bb5 19. e4 Bxa4 20. bxa4 Nf6 21. Be3 Rxa4 22. O-O Rxa2 23. Qxc7 Qb5 24. Qc3 Rba8 25. Rc2 R8a3 26. Qc8+ Kh7 27. Rxa2 Rxa2 28. Qc3 Qa6 29. Bf2 Ra3 30. Qc7 Rxf3 31. Qxf7 Qe2 32.
Qxe6 Nxe4 33. Qg4 Rxf2 34. Qxe2 Rxe2 35. Rd1 Nc3 36. Rd3 Nd5 37. h4 Kg6 38. Kf1 Re3 39. Rd2 Kf5 40. Ra2 Rxg3 41. Ra7 Ke4 42. Rxg7 Rxg7 0-1

[Event "Early-Titled-Tuesday-Blitz-November-28-2023"]
[Site "Chess.com"]
[Date "2023.11.28"]
[Round "6"]
[White "marcodobrikov"]
[Black "vasblesk"]
[Result "0-1"]
[WhiteElo "2621"]
[BlackElo "2828"]
[TimeControl "180+1"]
[EndTime "9:13:42 PST"]
[Termination "vasblesk won by checkmate"]

1. Nc3 d5 2. d4 Nf6 3. Bg5 c5 4. e3 cxd4 5. exd4 Nc6 6. Bxf6 gxf6 7. Nf3 Bg4 8. Be2 e6 9. h3 Bxf3 10. Bxf3 Qb6 11. Ne2 Qxb2 12. Rb1 Qxa2 13. Rxb7 Qa6 14. Qb1 Bd6 15. O-O O-O 16. Rd7 Rfd8 17. Rxd8+ Rxd8 18. Ng3 Nxd4 19. Bd1 Qb6 20. Qa2 Bxg3 21. fxg3 Nxc2+ 22. Kh2 Ne3 23. Rxf6 Qd4 24. Qf2 Qxd1 25. Qxe3 Qh5 26. g4 Qh4 27. Qf4 h6 28. Rxf7 Qg5 29. Qc7 Rf8 30. Rxf8+ Kxf8 31. Qb8+ Kf7 32. Qxa7+ Qe7 33. Qe3 Qf6 34. Kg3 e5 35. h4 e4 36. Qf4 Qxf4+ 37.
Kxf4 Ke6 38. g5 hxg5+ 39. hxg5 Kf7 40. g4 Kg6 41. Ke5 Kxg5 42. Kxd5 e3 43. Ke4 e2 44.
Kf3 e1=Q 45. Kg2 Qe3 46. Kh1 Kxg4 47. Kg2 Qd2+ 48. Kh1 Kg3 49. Kg1 Qd1# 0-1

[Event "Early-Titled-Tuesday-Blitz-November-28-2023"]
[Site "Chess.com"]
[Date "2023.11.28"]
[Round "6"]
[White "MIss_MIaMI"]
[Black "RobertJFischer71"]
[Result "0-1"]
[WhiteElo "2406"]
[BlackElo "2624"]
[TimeControl "180+1"]
[EndTime "9:13:46 PST"]
[Termination "RobertJFischer71 won by checkmate"]

1. e4 e5 2. Nf3 Nc6 3. d4 exd4 4.
c3 d5 5. exd5 Qxd5 6. Nxd4 Nxd4 7. cxd4 Nf6 8. Nc3 Qd8 9. Bc4 Be7 10. O-O O-O 11. h3 Bf5 12. Re1 Bg6 13. Be3 Re8 14. Qb3 Rb8 15. Rad1 a6 16. Nd5 Nxd5 17. Bxd5 Bd6 18. g3 Qd7 19. Kh2 h5 20. h4 Qg4 21.
Kg2 Be4+ 22. Bxe4 Qxe4+ 23. Kg1 Qf3 24. Qd3 Bxg3 25. fxg3 Qxg3+ 26. Kf1 Qh3+ 27. Kg1 Re6 28. Re2 Rbe8 29. Rde1 Rg6+ 30. Bg5 Qxd3 31. Rxe8+ Kh7 32. Kf2 Qxd4+ 33. R1e3 f6 34. Bxf6 Qxf6+ 35. Ke2 Qxb2+ 36. Kd3 Rd6+ 37. Ke4 Qd4+ 38. Kf3 Qg4+ 39. Kf2 Rd2+ 40. Ke1 Qd1# 0-1

[Event "Early-Titled-Tuesday-Blitz-November-28-2023"]
[Site "Chess.com"]
[Date "2023.11.28"]
[Round "6"]
[White "vishwa_vijeta"]
[Black "fighter2jz"]
[Result "0-1"]
[WhiteElo "2555"]
[BlackElo "2860"]
[TimeControl "180+1"]
[EndTime "9:13:48 PST"]
[Termination "fighter2jz won on time"]

1. e4 c5 2. Nf3 d6 3. d4 cxd4 4. Nxd4 Nf6 5. Nc3 a6 6. Bg5 e5 7. Nf3 Be7 8. Bc4 Be6 9. Bxe6 fxe6 10. O-O O-O 11. a3 Nbd7 12. Qe2 Rc8 13. Rad1 Qb6 14. Na4 Qc6 15. Nc3 Nb6 16. Nd2 Rfe8 17. Be3 Red8 18.
Rfe1 Nbd7 19. f3 d5 20. exd5 exd5 21. Bf2 d4 22. Nce4 Qxc2 23. f4 Qxb2 24. fxe5 Nxe5 25. Ng5 Bd6 26. Bg3 Re8 27. Nde4 Qxe2 28. Rxe2 Nxe4 29. Rxe4 Bb8 30. Kf1 Nc6 31. Rxe8+ Rxe8 32. Bf2 Bf4 33. Nf3 Be3 34. Bg3 h6 35. Re1 Rf8 36. Rd1 Rf5 37.
Rd3 Rb5 38. h3 Rb2 39. Be1 g5 40. h4 g4 41. Nh2 h5 42. g3 Rxh2 0-1

[Event "Early-Titled-Tuesday-Blitz-November-28-2023"]
[Site "Chess.com"]
[Date "2023.11.28"]
[Round "6"]
[White "Suspenser17"]
[Black "CraiggoryC"]
[Result "0-1"]
[WhiteElo "2337"]
[BlackElo "2196"]
[TimeControl "180+1"]
[EndTime "9:13:48 PST"]
[Termination "CraiggoryC won by checkmate"]

1. e4 e6 2. d4 d5 3. Nd2 Be7 4. Ngf3 Nf6 5. e5 Nfd7 6. Bd3 c5 7. c3 Nc6 8. O-O a5 9. a4 cxd4 10. cxd4 Nb4 11. Bb1 b6 12. Nb3 Ba6 13. Re1 Rc8 14. Re3 Nb8 15. Rc3 N8c6 16. Be3 O-O 17. Nbd2 b5 18. axb5 Bxb5 19. Nf1 a4 20. Ng3 Na5 21.
Rxc8 Qxc8 22. Bd2 Nb3 23. Bxb4 Bxb4 24. Bxh7+ Kxh7 25. Ng5+ Kg8 26. Rxa4 Bxa4 27. Qh5 Qc2 28. h4 Nxd4 29. Kh2 Be1 30. N3e4 Qxe4 31. Nxe4 dxe4 32.
Qg4 Bc6 33. h5 Bxf2 34. h6 g6 35. Qf4 Be1 36. g4 Bh4 37. Kh3 Be7 38. Qe3 Nf3 39.
Qa7 Bg5 40. Qc7 Bd5 41. b4 Bxh6 42. b5 Ng5+ 43. Kg3 e3 44. b6 e2 45. Kf2 Bf3 46.
b7 Ne4+ 47. Ke1 Bd2# 0-1

[Event "Early-Titled-Tuesday-Blitz-November-28-2023"]
[Site "Chess.com"]
[Date "2023.11.28"]
[Round "6"]
[White "SlavenPastar"]
[Black "verrbaa"]
[Result "1-0"]
[WhiteElo "2652"]
[BlackElo "2478"]
[TimeControl "180+1"]
[EndTime "9:13:49 PST"]
[Termination "SlavenPastar won on time"]

1. b3 e5 2. Bb2 Nc6 3. Nf3 d6 4. d4 e4 5. d5 exf3 6. dxc6 bxc6 7. gxf3 Nf6 8. Nc3 d5 9. Qd2 Be6 10. O-O-O Be7 11. Rg1 Kf8 12. e4 h6 13. Kb1 a5 14.
Be2 dxe4 15. Qxd8+ Rxd8 16. Rxd8+ Bxd8 17. fxe4 g5 18. Na4 Rg8 19. Nc5 Bc8 20. f3 Be7 21. Nd3 g4 22. Bxf6 Bxf6 23. fxg4 Ke7 24. e5 Bg5 25. Bf3 Bd7 26. c3 Rb8 27. Kc2 a4 28. b4 Be3 29.
Re1 Bb6 30. c4 Bd4 31. Re4 c5 32. bxc5 Bc6 33. Rf4 Bxf3 34. Rxf3 a3 35. Rf4 Bg1 36. h3 Rd8 37. Rf6 Be3 38. Ra6 Rd4 39. Kc3 Re4 40.
Rxa3 Bg1 41. Ra6 Re3 42. Rc6 Rxh3 43. Rxc7+ Kd8 44. Rc6 Rh2 45. a4 Be3 46. a5 Ra2 47.
a6 Bd2+ 48. Kb3 Ra1 49. Rd6+ Ke7 50. c6 Be3 51. c7 1-0

[Event "Early-Titled-Tuesday-Blitz-November-28-2023"]
[Site "Chess.com"]
[Date "2023.11.28"]
[Round "6"]
[White "Jojo_898"]
[Black "Viacheslav92"]
[Result "0-1"]
[WhiteElo "2383"]
[BlackElo "2558"]
[TimeControl "180+1"]
[EndTime "9:13:49 PST"]
[Termination "Viacheslav92 won on time"]

1. e4 c5 2. Nf3 d6 3. c3 Nf6 4. Bd3 e6 5. O-O Nc6 6. Bc2 Be7 7. a3 O-O 8. d4 e5 9. Be3 Re8 10. Nbd2 Qc7 11. Rc1 h6 12. Bb1 Ng4 13. Qe2 Nxe3 14.
Qxe3 Bd7 15. Rfd1 Bf6 16. d5 Ne7 17. Ba2 Ng6 18. b4 b6 19. bxc5 bxc5 20. Nc4 Rab8 21.
Rb1 Nf4 22. Kf1 Bg4 23. h3 Bd7 24. Ng1 Bg5 25. Qf3 Rxb1 26. Rxb1 Rb8 27. Qd1 a6 28. a4 h5 29. Ne2 Nxe2 30. Kxe2 g6 31. Ke1 Kg7 32.
a5 Bb5 33. Nb6 c4 34. Qe2 Bd8 35. Rb4 Qa7 36. Bxc4 Bxb6 37. axb6 Qxb6 38. Bxb5 axb5 39.
Kf1 Qc5 40. Qd3 h4 41. Kg1 Rb7 42. Qd2 Rc7 43. Rb3 Qc4 44. Qc2 b4 45. Kh2 bxc3 46. Rb6 Qd4 47. Rxd6 Qd2 0-1

[Event "Early-Titled-Tuesday-Blitz-November-28-2023"]
[Site "Chess.com"]
[Date "2023.11.28"]
[Round "6"]
[White "marvinguevara"]
[Black "giomar27"]
[Result "1-0"]
[WhiteElo "2178"]
[BlackElo "2429"]
[TimeControl "180+1"]
[EndTime "9:13:51 PST"]
[Termination "marvinguevara won by checkmate"]

1. e4 e5 2. Nf3 Nc6 3. Bc4 Nf6 4. Ng5 d5 5. exd5 Na5 6. Bb5+ c6 7. dxc6 bxc6 8. Bd3 Ng4 9. Ne4 f5 10. Nec3 e4 11.
Be2 h5 12. h3 Nxf2 13. Kxf2 Bc5+ 14. Kf1 Qh4 15. Qe1 Qf4+ 16. Bf3 O-O 17. d4 Qc7 18.
dxc5 exf3 19. gxf3 Ba6+ 20. Kg1 Rae8 21. Qf2 Rf6 22. Bg5 Rfe6 23. Nd2 Qb7 24. Nb3 Nc4 25. Rd1 Nxb2 26. Rb1 Qb4 27. Qd4 Nc4 28. Nd2 Nxd2 29. Rxb4 Nxf3+ 30. Kf2 Nxd4 31. Rxd4 Rb8 32. Rhd1 Rb2 33.
R1d2 Re5 34. Bf4 Rxc5 35. Na4 Rbxc2 36. Nxc5 Rxc5 37. Kg3 Rc3+ 38. Kh4 Bf1 39. Rh2 c5 40.
Rd7 Rf3 41. Kg5 Bd3 42. Be5 g6 43. Rg7+ Kf8 44. Kf6 c4 45. Rb2 Ke8 46. Rb8# 1-0

[Event "Early-Titled-Tuesday-Blitz-November-28-2023"]
[Site "Chess.com"]
[Date "2023.11.28"]
[Round "6"]
[White "ammarzooqi"]
[Black "Nf3c5"]
[Result "0-1"]
[WhiteElo "2336"]
[BlackElo "2496"]
[TimeControl "180+1"]
[EndTime "9:13:51 PST"]
[Termination "Nf3c5 won by resignation"]

1. e4 c5 2. Nc3 a6 3. f4 b5 4. Nf3 Bb7 5. d3 e6 6. g3 d5 7.
exd5 exd5 8. Qe2+ Be7 9. Bg2 Nf6 10. O-O O-O 11. b3 Nc6 12. Bb2 Re8 13. Ne5 Rb8 14.
Rae1 Bf8 15. Kh1 Qd6 16. g4 d4 17. Ne4 Nxe4 18. Bxe4 Nxe5 19. fxe5 Rxe5 20. Qf3 Bxe4 21. Rxe4 f6 22. Bc1 Qd7 23. h3 Rbe8 24. Rfe1 Qe6 25. Bf4 Rxe4 26. Rxe4 Qd7 27. Kg2 g6 28. Kg3 Re6 29. Re2 Bd6 30. Kf2 Bxf4 31. Qxf4 Rxe2+ 32. Kxe2 Qe6+ 33. Kf2 g5 34. Qb8+ Kg7 35. Qc7+ Kg6 36. Qxc5 Qe3+ 37. Kf1 Qxh3+ 38. Kf2 Qxg4 39. Qd5 Qf5+ 40.
Qxf5+ Kxf5 41. a4 bxa4 42. bxa4 a5 43. Kf3 h5 44. c4 dxc3 45. d4 c2 46. d5 c1=Q 0-1

[Event "Early-Titled-Tuesday-Blitz-November-28-2023"]
[Site "Chess.com"]
[Date "2023.11.28"]
[Round "6"]
[White "Good_Knight_Kiss"]
[Black "Barmen_EV"]
[Result "1-0"]
[WhiteElo "2351"]
[BlackElo "2497"]
[TimeControl "180+1"]
[EndTime "9:13:52 PST"]
[Termination "Good_Knight_Kiss won by checkmate"]

1. e4 e5 2. Nf3 Nc6 3. Bb5 a6 4.
Ba4 Nf6 5. O-O b5 6. Bb3 Nxe4 7.
d4 d5 8. dxe5 Be6 9. c3 Bc5 10.
Qd3 O-O 11. Be3 f6 12. exf6 Rxf6 13. Nbd2 Nxd2 14. Qxd2 Rxf3 15. Bxc5 Rf5 16. Rfe1 Bf7 17. Rad1 Rh5 18. Qf4 Qd7 19. Re3 Rh6 20. Rg3 Kh8 21. Bc2 Nd8 22. Bd4 Rg6 23. Bxg6 hxg6 24. Qh4+ Kg8 25. Rh3 Kf8 26. Re1 Ne6 27. Qh8+ Bg8 28. Rf3+ Ke7 29. Qxg7+ Kd6 30. Qxd7+ Kxd7 31. Rf6 c5 32. Be5 Re8 33. Rxg6 Nf8 34. Rg7+ Kc6 35. f4 Be6 36. h4 Rc8 37. h5 Bf5 38. g4 Nh7 39. gxf5 Nf8 40. Rg6+ Nxg6 41. fxg6 d4 42. g7 Kd5 43. cxd4 c4 44. h6 b4 45. h7 c3 46. g8=Q+ Rxg8+ 47. hxg8=Q+ Kc6 48. bxc3 Kb5 49. Qb3 a5 50. cxb4 Ka6 51. b5+ Ka7 52. Qc4 a4 53.
Qc5+ Kb7 54. d5 Ka8 55. d6 Kb8 56. Qc7+ Ka8 57. Qc6+ Ka7 58. Bd4+ Kb8 59. Re8# 1-0

[Event "Early-Titled-Tuesday-Blitz-November-28-2023"]
[Site "Chess.com"]
[Date "2023.11.28"]
[Round "6"]
[White "Volodar_Murzin"]
[Black "A-Fier"]
[Result "1-0"]
[WhiteElo "2922"]
[BlackElo "2750"]
[TimeControl "180+1"]
[EndTime "9:13:53 PST"]
[Termination "Volodar_Murzin won by resignation"]

1. e4 Nf6 2. e5 Nd5 3. c4 Nb6 4. d4 d6 5. f4 g6 6. Nc3 Bg7 7.
Be3 Be6 8. Nf3 O-O 9. b3 c5 10.
dxc5 N6d7 11. cxd6 exd6 12. Qxd6 Nxe5 13. Qxd8 Nxf3+ 14. gxf3 Rxd8 15. Rc1 Nc6 16. Kf2 Nb4 17. Be2 Nd3+ 18.
Bxd3 Rxd3 19. Ne4 Rad8 20. Ke2 a6 21. Bb6 R8d7 22. Rhd1 Rxd1 23. Rxd1 Rxd1 24. Kxd1 Bd7 25. Ke2 Bc6 26. Ke3 Kf8 27. Bc5+ Kg8 28. Bd4 f5 29. Nf2 Bf8 30. Nd3 Bd7 31. Bc5 Bg7 32. a4 Kf7 33.
Bd4 Bf8 34. Ne5+ Ke6 35. Nxd7 Kxd7 36. Kd3 Kc6 37. Bc3 Bc5 38. b4 Bg1 39. h3 Bh2 40. Bd2 Bg1 41. Be3 Bh2 42. Kd4 Kd6 43. c5+ Ke6 44. b5 axb5 45. axb5 Bg3 46. Kc4 Be1 47.
Bd4 Bd2 48. Be5 g5 49. c6 b6 50. Bc7 Bxf4 51. Bxb6 h5 52. Bc5 g4 53. fxg4 fxg4 54.
hxg4 hxg4 55. b6 g3 56. Kb5 g2 57. Ka6 Bd6 58. Bg1 Kd5 59. c7 1-0

[Event "Early-Titled-Tuesday-Blitz-November-28-2023"]
[Site "Chess.com"]
[Date "2023.11.28"]
[Round "6"]
[White "GHANDEEVAM2003"]
[Black "Msb2"]
[Result "1-0"]
[WhiteElo "3154"]
[BlackElo "3046"]
[TimeControl "180+1"]
[EndTime "9:13:54 PST"]
[Termination "GHANDEEVAM2003 won by resignation"]

1. b3 d5 2. e3 c5 3. Bb2 a6 4.
f4 Nc6 5. Nf3 Nf6 6. Be2 Bf5 7.
O-O e6 8. Nh4 Bg6 9. d3 Be7 10.
Nd2 O-O 11. e4 dxe4 12. Nxg6 hxg6 13. dxe4 b5 14. c4 Nd4 15. e5 Ne8 16. Nf3 Nxe2+ 17. Qxe2 Qb6 18. Ng5 Rd8 19. Rf3 bxc4 20. bxc4 Nc7 21.
Raf1 f6 22. exf6 Bxf6 23. Bxf6 gxf6 24. Ne4 f5 25. Rb3 Qc6 26. Ng5 Qd6 27. Qe1 Kg7 28.
Qa1+ Kg8 29. Qe1 Kg7 30. Qc3+ Kg8 31. Rb7 Rd7 32. Qe3 Re8 33. Re1 Qd4 34. Qxd4 cxd4 35. Nf3 Rde7 36. Nxd4 Kf7 37. Nc6 Nd5 38. Nxe7 Nxe7 39.
Rb6 Ng8 40. Rxa6 Nf6 41. Ra7+ Kf8 42. Rb1 Ne4 43. Rbb7 Rd8 44. Rf7+ Kg8 45. Rg7+ Kf8 46. Raf7+ Ke8 47. Rg8+ Kxf7 48. Rxd8 Ke7 49. Ra8 Nc3 50. g3 g5 51. fxg5 1-0

[Event "Early-Titled-Tuesday-Blitz-November-28-2023"]
[Site "Chess.com"]
[Date "2023.11.28"]
[Round "6"]
[White "GaiozNigalidze"]
[Black "kuli4ik"]
[Result "0-1"]
[WhiteElo "2681"]
[BlackElo "2875"]
[TimeControl "180+1"]
[EndTime "9:13:54 PST"]
[Termination "kuli4ik won on time"]

1. d4 g6 2. c4 Bg7 3. e4 d6 4.
Nc3 e5 5. d5 a5 6. g3 Na6 7. Bg2 h5 8. h4 Bh6 9. Bxh6 Nxh6 10. Nf3 Bg4 11. Qa4+ Kf8 12. Ng5 Kg7 13. O-O f6 14. Nf3 Nc5 15. Qc2 Bxf3 16. Bxf3 f5 17. exf5 Nxf5 18. Rae1 Nd4 19. Qd1 Rh6 20. Bg2 g5 21. f4 gxf4 22. gxf4 Qxh4 23. fxe5 Rg6 24.
exd6 Rg8 25. Rf2 cxd6 26. Re4 Nxe4 27. Qxd4+ Kh6 28. Qxe4 Rg4 29. Qe3+ Kh7 30. Ne2 R8g7 31. Nf4 Qg5 32. Qe4+ Kh8 33. Qe8+ Rg8 34. Qxh5+ Qxh5 35. Nxh5 Rxc4 36. b3 Rh4 37. Nf6 Rg6 38. Kf1 Rd4 39.
Ke2 a4 40. Nd7 a3 41. Ke3 Rd1 42. Nf8 Rg3+ 43. Kf4 Rg7 44. Be4 Rf7+ 45. Bf5 Rxf8 46. Rh2+ Kg7 47. Rh7+ Kg8 48. Rxb7 Rxd5 49. Ke4 Rdxf5 0-1

[Event "Early-Titled-Tuesday-Blitz-November-28-2023"]
[Site "Chess.com"]
[Date "2023.11.28"]
[Round "6"]
[White "KVAIDAN"]
[Black "GothamChess"]
[Result "0-1"]
[WhiteElo "2360"]
[BlackElo "2665"]
[TimeControl "180+1"]
[EndTime "9:13:54 PST"]
[Termination "GothamChess won on time"]

1. f4 b6 2. Nf3 Bb7 3. d3 g6 4. e4 Bg7 5. Be2 e6 6. O-O Ne7 7. Nc3 d5 8. Qe1 Nd7 9. Qh4 h6 10. Be3 c5 11. Nb5 Nc8 12. Qxd8+ Kxd8 13. Ne5 Rf8 14. Nxd7 Kxd7 15. f5 exf5 16. exf5 Re8 17. f6 Bf8 18. Bg4+ Kc6 19. Bf4 Nd6 20. Nxd6 Bxd6 21.
c4 Kc7 22. Bxd6+ Kxd6 23. Bf3 Re6 24. d4 cxd4 25. Rad1 Kc5 26. Rc1 Rxf6 27. b4+ Kxb4 28. cxd5 Rc8 29. Rfd1 Rxc1 30. Rxc1 d3 31. Kf2 Bxd5 32.
Ke3 Bxf3 33. gxf3 Rd6 34. Kd2 Rd7 35. Rc3 b5 36. Rc6 a5 37. f4 a4 38. Rc3 g5 39.
fxg5 hxg5 40. a3+ Ka5 41. Rc5 g4 42. Rf5 Kb6 43. Rf4 Rc7 44. Rxg4 Rc2+ 45. Kxd3 Rxh2 46. Rf4 Rh3+ 47. Kd4 Rxa3 48. Rf6+ Ka5 49. Rxf7 Ra1 50.
Kc5 Rc1+ 51. Kd4 Kb4 52. Rf2 Rd1+ 53. Ke3 a3 0-1

[Event "Early-Titled-Tuesday-Blitz-November-28-2023"]
[Site "Chess.com"]
[Date "2023.11.28"]
[Round "6"]
[White "Grammnik"]
[Black "Politov_Pavel"]
[Result "1-0"]
[WhiteElo "2326"]
[BlackElo "2117"]
[TimeControl "180+1"]
[EndTime "9:13:54 PST"]
[Termination "Grammnik won on time"]

1. d4 d5 2. Nf3 Nf6 3. c4 dxc4 4. Nc3 a6 5. a4 e6 6. e3 c5 7. Bxc4 Nc6 8. d5 exd5 9. Nxd5 Nxd5 10. Bxd5 Be7 11.
Bxc6+ bxc6 12. Qxd8+ Bxd8 13. Bd2 Rb8 14. Bc3 O-O 15.
O-O Be6 16. Ne5 Rc8 17. e4 Bf6 18. f3 Rfe8 19. Rfc1 Bg5 20. Re1 Bf6 21. Rec1 Bg5 22.
Re1 Bf6 23. Nd3 Bd4+ 24. Kh1 Bc4 25. Nf4 Bf2 26. Red1 Bb3 27. Rd7 Red8 28. Rb7 Bxa4 29. g3 Rd1+ 30. Rxd1 Bxd1 31. Kg2 Bd4 32. Rd7 Bxc3 33.
bxc3 Bb3 34. Ra7 Bc4 35. Kf2 Rd8 36. Ke3 Bb5 37. h4 g6 38. g4 Rd1 39. h5 Re1+ 40.
Kf2 Rf1+ 41. Kg2 Rc1 42. h6 Kf8 43. Nh3 Rc2+ 44. Kg3 Rxc3 45. Ng5 Be2 46. Nxh7+ Kg8 47. Nf6+ Kf8 48. h7 Rxf3+ 49. Kh4 Kg7 50. Rxf7+ 1-0